AoeStats
← MrPulverizator

MegaRandom

506424950Analyzed
4v4 RM · 20d ago on Sep 13, 2026· 72m 15s· 8 players
Game mode
Random Map
Map size
Large (8 player)
Population
200
Speed
Normal
Resources
Standard
Victory
Conquest
Starting age
Dark Age
Ending age
Imperial Age
RankedLock teamsTeams togetherTeam positionsShared explorationLock speedFull tech treeHidden civsTurbo modeCheats
Victory
Defeat
🇷🇴 Inca · Romania
957
+12
🇺🇸 Cumans · United States
950
+13
🇷🇴 Romans · Romania
944
+13
🇷🇴 Khmer · Romania
894
+15
🇫🇷 Huns · France
893
-14
🇹🇷 Cumans · Türkiye
892
-14
🇨🇭 Britons · Switzerland
878
-13
🇪🇸 Cumans · Spain
845
-12
MANTECOÑO63
8:24 Loom
11:30 Feudal Age
19:52 Castle Age
18:02 Gold Mining
18:03 Stone Mining
18:14 Double-Bit Axe
29:21 Horse Collar
30:42 Caravan
31:12 Coinage
31:28 Coinage
32:29 Wheelbarrow
33:21 Town Watch
33:52 Heavy Plow
34:39 Ballistics
34:29 Fletching
34:39 Padded Archer Armor
35:04 Stone Mining
39:07 Imperial Age
37:06 Bow Saw
40:25 Banking
40:07 Guilds
39:26 Onager
40:31 Conscription
41:36 Two-Man Saw
43:47 Chemistry
42:46 Bodkin Arrow
43:06 Leather Archer Armor
43:43 Elite Kipchak
44:24 Cuman Mercenaries
Oguzhan06
10:51 Loom
13:48 Feudal Age
14:25 Fishing Lines
15:58 Wheelbarrow
15:56 Double-Bit Axe
16:12 Horse Collar
19:36 Gold Mining
22:58 Stone Mining
26:00 Castle Age
27:37 Bloodlines
27:52 Bow Saw
27:45 Heavy Plow
28:26 Squires
28:42 Scale Mail Armor
28:49 Scale Barding Armor
28:57 Forging
30:21 Pikeman
31:16 Caravan
31:06 Town Watch
32:11 Chain Mail Armor
34:37 Gold Shaft Mining
36:50 Imperial Age
37:18 Elite Steppe Lancer
37:48 Halberdier
39:48 Padded Archer Armor
40:10 Chain Barding Armor
40:34 Padded Archer Armor
42:18 Plate Mail Armor
42:24 Plate Barding Armor
Saramenec
2:59 Loom
11:01 Feudal Age
12:19 Wheelbarrow
11:31 Double-Bit Axe
11:26 Horse Collar
20:28 Castle Age
18:54 Stone Mining
24:11 Gold Mining
28:05 Caravan
33:09 Imperial Age
32:20 Bow Saw
32:51 Husbandry
33:02 Bloodlines
33:45 Gold Shaft Mining
33:22 Marauders
33:31 Heavy Plow
33:43 Scale Barding Armor
33:39 Scale Mail Armor
33:50 Forging
34:14 Conscription
33:23 Elite Tarkan
37:07 Chain Barding Armor
37:23 Iron Casting
44:48 Plate Barding Armor
45:14 Blast Furnace
44:30 Chain Mail Armor
66:01 Hand Cart
65:35 Town Watch
66:54 Two-Man Saw
67:54 Hand Cart
67:25 Town Watch
[PFB] Treibholz [CH]
11:30 Feudal Age
11:06 Loom
16:52 Double-Bit Axe
19:06 Horse Collar
22:26 Castle Age
21:54 Fletching
23:23 Medium Warships
23:43 Heavy Plow
25:33 Wheelbarrow
25:22 Bow Saw
32:10 Imperial Age
29:45 Padded Archer Armor
29:46 Bodkin Arrow
31:18 Man-at-Arms
31:43 Gambesons
32:17 Leather Archer Armor
32:12 Forging
32:03 Scale Mail Armor
32:10 Long Swordsman
hank
13:22 Feudal Age
14:26 Loom
18:43 Castle Age
17:48 Wheelbarrow
17:02 Double-Bit Axe
17:02 Horse Collar
17:50 Gold Mining
22:02 Hand Cart
23:07 Stone Mining
26:22 Bow Saw
26:27 Heavy Plow
26:55 Capped Ram
27:50 Fletching
28:01 Padded Archer Armor
29:55 Bodkin Arrow
30:17 Leather Archer Armor
37:09 Imperial Age
37:47 Elite Kipchak
38:48 Conscription
40:04 Ring Archer Armor
39:12 Siege Ram
41:14 Murder Holes
42:20 Chemistry
41:59 Pikeman
42:40 Squires
42:26 Arson
51:23 Halberdier
52:16 Forging
52:07 Scale Mail Armor
53:34 Iron Casting
58:30 Blast Furnace
57:47 Chain Mail Armor
Takumi
11:44 Feudal Age
18:57 Castle Age
16:50 Horse Collar
18:20 Double-Bit Axe
18:31 Fishing Lines
18:43 Fishing Lines
20:18 Wheelbarrow
20:28 Bow Saw
21:47 Gillnets
25:25 Hand Cart
28:37 Demolition Ship
29:31 Heavy Plow
30:07 Gold Mining
33:54 Gold Shaft Mining
35:48 Caravan
36:57 Town Watch
38:01 Stone Mining
39:44 Stone Shaft Mining
39:39 Medium Warships
40:45 Padded Archer Armor
40:36 Fletching
42:57 Leather Archer Armor
42:37 Bodkin Arrow
46:06 Ballistics
46:13 Clinker Construction
46:16 Careening
51:25 Forging
51:15 Scale Mail Armor
62:57 Chain Mail Armor
66:11 Iron Casting
pelicanul
10:42 Feudal Age
12:20 Wheelbarrow
11:34 Double-Bit Axe
13:14 Loom
15:53 Castle Age
15:10 Stone Mining
15:04 Horse Collar
19:19 Bow Saw
20:41 Man-at-Arms
23:45 Gold Mining
23:54 Long Swordsman
24:34 Squires
26:00 Hand Cart
27:59 Gold Shaft Mining
28:03 Scale Mail Armor
28:17 Forging
28:33 Ballistics
29:27 Town Watch
31:51 Heavy Plow
34:33 Imperial Age
32:05 Town Patrol
33:33 Chain Mail Armor
34:21 Iron Casting
35:48 Conscription
35:53 Comitatenses
36:04 Comitatenses
36:48 Crop Rotation
36:15 Legionary
37:07 Heavy Scorpion
38:18 Caravan
44:38 Elite Centurion
MrPulverizator
13:55 Feudal Age
15:10 Double-Bit Axe
15:08 Horse Collar
23:08 Castle Age
23:08 Scale Barding Armor
24:43 Bow Saw
24:56 Gold Mining
24:56 Stone Mining
25:25 Loom
25:49 Town Watch
28:54 Town Patrol
29:30 Wheelbarrow
33:19 Imperial Age
31:37 Chain Barding Armor
33:02 Gold Shaft Mining
34:39 Stone Shaft Mining
36:06 Plate Barding Armor
37:04 Elite Battle Elephant
40:46 Heavy Plow
52:26 Elite Ballista Elephant
Connection lost

Rejoining the realm…

Still unreachable

The connection could not be restored.

Session expired

The server has moved on; the page needs a fresh start.